[Event "Titled Tuesday Blitz March 28 Late 2023"]
[White "Mortazavi, Ali"]
[Black "Flores, Diego"]
[WhiteFideId "401323"]
[BlackFideId "108049"]
[WhiteElo "2339"]
[BlackElo "2606"]
[Result "0-1"]
[Round "07"]
[TimeControl "180+2"]
[Date "2023.03.28"]
[WhiteClock "0:00:15"]
[BlackClock "0:00:24"]

1. Nf3 g6 2. e4 Bg7 3. d4 d6 4. Nc3 Nf6 5. Be3 c6 6. Qd2 Nbd7 7. Bh6 Bxh6 8. Qxh6 e5 9. a4 Qe7 10. dxe5 Nxe5 11. Nxe5 dxe5 12. Bc4 Be6 13. Bxe6 Qxe6 14. O-O O-O-O 15. a5 Rd4 16. a6 b6 17. Rfe1 Rhd8 18. h3 Nh5 19. Qxh7 Qf6 20. Qh6 Nf4 21. h4 Rd2 22. Rf1 Rxc2 23. Rad1 Rh8 24. Qg5 Qxg5 25. hxg5 Rxc3 26. g3 Ne2+ 27. Kg2 Rc2 28. Rd6 Rd8 29. Rf6 Rd7 30. Rh1 Kc7 31. Rh8 b5 32. Rh7 Rxb2 33. Rfxf7 Rxf7 34. Rxf7+ Kb6 35. Rf6 Nc3 36. Rxg6 Nxe4 37. Kf3 Nxf2 38. Re6 e4+ 39. Kf4 Nd3+ 40. Ke3 Nc5 41. Rf6 Rb3+ 42. Kf4 Rf3+ 43. Ke5 Nd7+ 0-1


[Site "https://www.chess.com"]

[Event "Titled Tuesday Blitz March 28 Late 2023"]
[White "Herrera Reyes, Jose Antonio"]
[Black "koteRV1610"]
[WhiteFideId "2274914"]
[WhiteElo "2273"]
[BlackElo "2521"]
[Result "0-1"]
[Round "07"]
[TimeControl "180+2"]
[Date "2023.03.28"]
[WhiteClock "0:00:18"]
[BlackClock "0:01:12"]

1. Nf3 Nf6 2. g3 e6 3. Bg2 d5 4. O-O Be7 5. c4 d4 6. b4 O-O 7. a3 a5 8. b5 c5 9. e3 Nbd7 10. exd4 cxd4 11. Bb2 e5 12. Re1 Bd6 13. c5 Nxc5 14. Nxe5 Bxe5 15. Rxe5 Nd3 16. Re2 Nxb2 17. Qb3 Re8 18. Bf1 Rxe2 19. Bxe2 d3 20. Bf1 Qd4 21. Nc3 Ng4 22. Ne4 Bf5 23. Qc3 Qxc3 24. Nxc3 Nc4 25. f3 Nge5 26. g4 Bg6 27. Kf2 Nxd2 28. Bg2 Re8 29. Kg3 Nec4 30. Nd5 Nb3 31. Rg1 d2 32. Nc3 Re1 33. f4 Rxg1 0-1


[Site "https://www.chess.com"]

[Event "Titled Tuesday Blitz March 28 Late 2023"]
[White "Goltsev, Dmitry"]
[Black "Mekhane, Adam"]
[WhiteFideId "24176710"]
[BlackFideId "36050601"]
[WhiteElo "2336"]
[BlackElo "2177"]
[Result "0-1"]
[Round "07"]
[TimeControl "180+2"]
[Date "2023.03.28"]
[WhiteClock "0:00:07"]
[BlackClock "0:00:12"]

1. e4 e5 2. Nf3 Nc6 3. Bb5 a6 4. Ba4 Nf6 5. O-O Be7 6. Re1 b5 7. Bb3 O-O 8. d3 d6 9. c3 Bb7 10. Nbd2 Na5 11. Bc2 c5 12. Nf1 Re8 13. h3 Bf8 14. g4 g6 15. Ng3 Bg7 16. Bg5 h6 17. Be3 Nc6 18. Qd2 Kh7 19. Nh4 d5 20. Nhf5 gxf5 21. Nxf5 Ng8 22. exd5 Qxd5 23. d4 Kh8 24. Be4 Qxe4 25. Nd6 Nxd4 26. Nxe4 Nf3+ 27. Kf1 Nxd2+ 28. Nxd2 c4 29. a4 Nf6 30. f3 Nd5 31. Bf2 Nf4 32. Red1 Nd3 33. Ra2 Bf6 34. Be3 Bg5 35. Ke2 Bf4 36. Rda1 Kg7 37. axb5 axb5 38. Ra7 Rxa7 39. Rxa7 Nc1+ 40. Kf2 Nd3+ 41. Ke2 Bd5 42. Rd7 Bc6 43. Rc7 Bd5 44. Rd7 Be6 45. Rb7 Ra8 46. Rxb5 Ra1 47. Bxf4 Re1# 0-1


[Site "https://www.chess.com"]

[Event "Titled Tuesday Blitz March 28 Late 2023"]
[White "Schmakel, Sam"]
[Black "Rose, Felix"]
[WhiteFideId "2039311"]
[BlackFideId "5105722"]
[WhiteElo "2356"]
[BlackElo "2039"]
[Result "1-0"]
[Round "07"]
[TimeControl "180+2"]
[Date "2023.03.28"]
[WhiteClock "0:01:52"]
[BlackClock "0:00:10"]

1. Nf3 d5 2. g3 c6 3. Bg2 Bg4 4. c4 dxc4 5. Qc2 Nf6 6. Qxc4 Nbd7 7. O-O e6 8. d4 Be7 9. Nc3 Bf5 10. Re1 Nb6 11. Qb3 Ne4 12. a4 a5 13. Nh4 Bxh4 14. Nxe4 Be7 15. Rd1 Bb4 16. Nc5 Qe7 17. e4 Bg4 18. f3 Bh5 19. Nd3 c5 20. dxc5 Bxc5+ 21. Nxc5 Qxc5+ 22. Be3 Qc6 23. Qxb6 O-O 24. Qxc6 bxc6 25. Rac1 Rab8 26. Rd2 Rb3 27. Kf2 Rfb8 28. Rxc6 Rxb2 29. Ra6 Rxd2+ 30. Bxd2 h6 31. Rxa5 Rb2 32. Rxh5 Rxd2+ 33. Kg1 Ra2 34. a5 g5 35. Rxh6 Rxa5 36. h4 Kg7 37. hxg5 Rxg5 38. Rh3 Ra5 39. Bf1 Ra2 40. Rh2 Ra3 41. Rf2 f5 42. exf5 exf5 43. Kg2 Kf6 44. f4 Rb3 45. Ra2 Rb6 46. Ra6 Rxa6 47. Bxa6 Ke6 48. Bd3 Kf6 49. Kf2 Ke6 50. Ke3 Kf6 51. Kd4 Ke6 52. Kc5 Kf6 53. Kd5 Kg6 54. Ke5 Kh5 55. Be2+ Kg6 56. Bf3 Kh6 57. Kxf5 Kg7 58. g4 Kf7 59. g5 Kg7 60. Kg4 Kg6 61. f5+ Kg7 62. f6+ Kg6 63. Be4+ Kf7 64. Kf5 Kg8 65. g6 Kf8 66. g7+ Ke8 67. g8=Q+ Kd7 68. Qe6+ Kc7 69. Qc6+ Kd8 70. Qb7 1-0


[Site "https://www.chess.com"]

[Event "Titled Tuesday Blitz March 28 Late 2023"]
[White "Makarian, Rudik"]
[Black "Silva, Pedro Gil Ferreira Da"]
[WhiteFideId "44105681"]
[BlackFideId "1946102"]
[WhiteElo "2436"]
[BlackElo "2255"]
[Result "1-0"]
[Round "07"]
[TimeControl "180+2"]
[Date "2023.03.28"]
[WhiteClock "0:00:52"]
[BlackClock "0:01:06"]

1. e4 c6 2. Nf3 d5 3. d3 g6 4. Be2 Bg7 5. O-O Nf6 6. Nbd2 O-O 7. Re1 c5 8. Bf1 Nc6 9. c3 b6 10. h3 Bb7 11. e5 Nh5 12. d4 f6 13. exf6 Nxf6 14. Bb5 Qd6 15. Bxc6 Bxc6 16. Ne5 Bb7 17. Qe2 Ne4 18. Nxe4 dxe4 19. Nc4 Qd5 20. Ne3 Qd6 21. dxc5 Qxc5 22. Bd2 Rad8 23. Red1 Rd3 24. Be1 Rfd8 25. Rxd3 exd3 26. Qd1 Bh6 27. Bd2 Bxe3 28. Bxe3 Qd5 29. Qg4 Qe4 30. Qxe4 Bxe4 31. f3 Bd5 32. Kf2 Kf7 33. Bd2 Ke6 34. Ke3 h5 35. h4 Kf6 36. b3 e5 37. c4 Be6 38. Bc3 Bf5 39. Kd2 g5 40. hxg5+ Kxg5 41. Bxe5 Re8 42. Re1 Re6 43. b4 h4 44. b5 Rg6 45. Bb8 Kh5 46. g4+ hxg3 47. Rh1+ Kg5 48. Bxg3 Re6 49. Rh2 Re7 50. Bh4+ 1-0


[Site "https://www.chess.com"]

[Event "Titled Tuesday Blitz March 28 Late 2023"]
[White "Kavutskiy, Konstantin"]
[Black "Baskakov, Egor"]
[WhiteFideId "2026384"]
[BlackFideId "24197866"]
[WhiteElo "2369"]
[BlackElo "2212"]
[Result "1/2-1/2"]
[Round "07"]
[TimeControl "180+2"]
[Date "2023.03.28"]
[WhiteClock "0:00:06"]
[BlackClock "0:00:06"]

1. d4 Nf6 2. Bg5 e6 3. Nd2 d5 4. e3 Be7 5. Bd3 h6 6. Bh4 c5 7. c3 Nc6 8. Ngf3 Bd7 9. O-O O-O 10. Ne5 Nxe5 11. dxe5 Ne8 12. Bxe7 Qxe7 13. f4 f6 14. Nf3 f5 15. c4 Bc6 16. Qc2 Nc7 17. Rac1 b6 18. Rfd1 Rad8 19. Be2 Bb7 20. a3 Ba6 21. b3 dxc4 22. bxc4 Rxd1+ 23. Rxd1 Rd8 24. Kf2 g5 25. g3 Kg7 26. Qc3 Rxd1 27. Bxd1 g4 28. Nd2 Bb7 29. Bc2 Qd7 30. e4 Kf7 31. Ke3 h5 32. Qd3 Qxd3+ 33. Bxd3 Bc8 34. Nf1 Ke7 35. Kd2 Bd7 36. Ne3 fxe4 37. Bxe4 Be8 38. Ng2 b5 39. Kc3 a5 40. cxb5 Nxb5+ 41. Kb3 c4+ 42. Kxc4 Nxa3+ 43. Kb3 Nb5 44. Nh4 a4+ 45. Kb4 a3 46. Kb3 a2 47. Kb2 Nc3 48. Bc2 Bc6 49. Bb3 Bd5 50. Bxd5 Nxd5 51. Kxa2 Ne3 52. Kb3 Nf1 53. f5 Nxh2 54. Ng6+ Kf7 55. Nf4 exf5 56. Kc4 Nf1 57. Nxh5 Ke6 58. Kd4 Ke7 59. Kd5 Ne3+ 60. Kd4 Nf1 61. Kd5 Ne3+ 62. Kd4 Nf1 1/2-1/2


[Site "https://www.chess.com"]

[Event "Titled Tuesday Blitz March 28 Late 2023"]
[White "Fiorito, Francisco"]
[Black "Ibarra Jerez, Jose Carlos"]
[WhiteFideId "180165"]
[BlackFideId "2226332"]
[WhiteElo "2341"]
[BlackElo "2638"]
[Result "0-1"]
[Round "07"]
[TimeControl "180+2"]
[Date "2023.03.28"]
[WhiteClock "0:01:21"]
[BlackClock "0:01:55"]

1. d4 Nf6 2. Nc3 d5 3. Bf4 c5 4. e3 cxd4 5. exd4 Bg4 6. f3 Bd7 7. Nb5 Bxb5 8. Bxb5+ Nc6 9. c3 e6 10. g4 Bd6 11. Ne2 O-O 12. Qd2 Rc8 13. h4 e5 14. Bxc6 exf4 15. Bxb7 Rb8 16. Ba6 Qb6 17. Bd3 Qxb2 18. Rb1 Qa3 19. Kf2 Rbe8 20. h5 Ne4+ 21. fxe4 dxe4 22. Bxe4 Rxe4 23. Rh3 Rfe8 24. Ng1 Re3 25. Rf3 Qa6 26. Rd1 Qc8 27. g5 Qg4 28. g6 Rxf3+ 29. Nxf3 Qg3+ 30. Kf1 Qxf3+ 0-1


[Site "https://www.chess.com"]

[Event "Titled Tuesday Blitz March 28 Late 2023"]
[White "Nazari, Arad"]
[Black "Koellner, Ruben Gideon"]
[WhiteFideId "12577324"]
[BlackFideId "12993093"]
[WhiteElo "2313"]
[BlackElo "2303"]
[Result "0-1"]
[Round "07"]
[TimeControl "180+2"]
[Date "2023.03.28"]
[WhiteClock "0:00:02"]
[BlackClock "0:01:18"]

1. e4 d6 2. d4 Nf6 3. Nc3 e5 4. dxe5 dxe5 5. Qxd8+ Kxd8 6. Bg5 Be6 7. O-O-O+ Nd7 8. f3 Bd6 9. a3 Ke7 10. Nh3 h6 11. Be3 a6 12. Nf2 b5 13. h4 Rhb8 14. g4 b4 15. axb4 Bxb4 16. g5 hxg5 17. hxg5 Ne8 18. Nd5+ Bxd5 19. Rxd5 Bd6 20. Ra5 Bb4 21. Ra4 a5 22. c3 Bc5 23. Ng4 g6 24. Bc4 c6 25. Be2 Nd6 26. Kc2 Bxe3 27. Nxe3 Nc5 28. Raa1 a4 29. Nc4 Nxc4 30. Bxc4 Rh8 31. Ba2 Rad8 32. Raf1 Rb8 33. Bc4 Rbd8 34. Kb1 Nb3 35. Kc2 Rd2+ 36. Kb1 Rhh2 37. Ka2 Rxb2+ 38. Ka3 Ra2+ 39. Kb4 Rhb2 40. Bxb3 Rxb3+ 41. Kc4 Rc2 42. Rc1 Rbxc3+ 0-1


[Site "https://www.chess.com"]

[Event "Titled Tuesday Blitz March 28 Late 2023"]
[White "Lenaerts, Lennert"]
[Black "Urazayev, Arystanbek"]
[WhiteFideId "211435"]
[BlackFideId "13709810"]
[WhiteElo "2334"]
[BlackElo "2479"]
[Result "0-1"]
[Round "07"]
[TimeControl "180+2"]
[Date "2023.03.28"]
[WhiteClock "0:01:02"]
[BlackClock "0:01:35"]

1. d4 Nf6 2. c4 g6 3. Nc3 Bg7 4. e4 d6 5. f3 O-O 6. Be3 c5 7. Nge2 Nc6 8. d5 Ne5 9. Ng3 b5 10. cxb5 a6 11. a4 h5 12. Be2 axb5 13. Bxb5 h4 14. Nf1 Ba6 15. Bxa6 Rxa6 16. Qe2 Rb6 17. Ra2 c4 18. Bxb6 Qxb6 19. Nd2 Bh6 20. Nxc4 Nxc4 21. Qxc4 Nh5 22. Ne2 Be3 23. a5 Qb8 24. Qd3 Ba7 25. g4 Nf6 26. h3 Nd7 27. Kf1 Ne5 28. Qa3 Qb5 29. b3 Nxf3 30. b4 Ng5 0-1


[Site "https://www.chess.com"]

[Event "Titled Tuesday Blitz March 28 Late 2023"]
[White "Gokerkan, Cem Kaan"]
[Black "Romanchuk, Viktor"]
[WhiteFideId "6336760"]
[BlackFideId "14109271"]
[WhiteElo "2365"]
[BlackElo "2242"]
[Result "1-0"]
[Round "07"]
[TimeControl "180+2"]
[Date "2023.03.28"]
[WhiteClock "0:00:53"]
[BlackClock "0:00:32"]

1. e4 c6 2. d3 d5 3. Nd2 e5 4. Ngf3 Bd6 5. g3 Nf6 6. Bg2 O-O 7. O-O Re8 8. Re1 Nbd7 9. c3 a5 10. a4 Nc5 11. Qc2 dxe4 12. Nxe4 Nfxe4 13. dxe4 b5 14. axb5 cxb5 15. Rd1 Qc7 16. Nh4 a4 17. Nf5 Bf8 18. Qe2 Nb3 19. Rb1 Ba6 20. Qg4 Re6 21. Be3 Rd8 22. Rxd8 Qxd8 23. Nh6+ Rxh6 24. Bxh6 Bc8 25. Bg5 f6 26. Bxf6 Qe8 27. Qg5 h6 28. Qxe5 1-0


[Site "https://www.chess.com"]

[Event "Titled Tuesday Blitz March 28 Late 2023"]
[White "Ozen, Bahadir"]
[Black "Drori, Saar"]
[WhiteFideId "6337058"]
[BlackFideId "2812444"]
[WhiteElo "2503"]
[BlackElo "2322"]
[Result "1-0"]
[Round "07"]
[TimeControl "180+2"]
[Date "2023.03.28"]
[WhiteClock "0:00:52"]
[BlackClock "0:00:02"]

1. h3 c5 2. c3 d5 3. d4 Nf6 4. Nf3 Nc6 5. Bf4 g6 6. e3 Bg7 7. Nbd2 O-O 8. Be2 Qb6 9. Qb3 c4 10. Qa3 Bf5 11. O-O Ne4 12. Nxe4 Bxe4 13. Nd2 Bd3 14. Bxd3 cxd3 15. Rfd1 f6 16. c4 e5 17. Bg3 Nb4 18. Rac1 exd4 19. exd4 a5 20. cxd5 Qxd4 21. Bd6 Nc2 22. Nf3 Qxd5 23. Qxd3 Qxd3 24. Rxd3 Nb4 25. Bxb4 axb4 26. Rc7 Rxa2 27. Rxb7 Rxb2 28. Rdd7 Bh8 29. Rxh7 g5 30. g4 Re2 31. Nd4 Re4 32. Nf5 1-0


[Site "https://www.chess.com"]

[Event "Titled Tuesday Blitz March 28 Late 2023"]
[White "Holt, Conrad"]
[Black "Jocev, Milan"]
[WhiteFideId "2034387"]
[BlackFideId "900680"]
[WhiteElo "2592"]
[BlackElo "2323"]
[Result "1-0"]
[Round "07"]
[TimeControl "180+2"]
[Date "2023.03.28"]
[WhiteClock "0:00:19"]
[BlackClock "0:00:04"]

1. d4 Nf6 2. c4 g6 3. Nc3 Bg7 4. e4 O-O 5. Nf3 d6 6. h3 Na6 7. Bg5 c5 8. d5 e6 9. Bd3 exd5 10. cxd5 h6 11. Bf4 Re8 12. O-O c4 13. Bc2 Nc5 14. Re1 a6 15. a4 b6 16. Nd2 Nd3 17. Bxd3 cxd3 18. Qf3 Nh5 19. Bh2 Be5 20. Bxe5 Rxe5 21. Nc4 Rg5 22. Kh2 Bd7 23. h4 Rg4 24. g3 Nf4 25. Ne3 Rxh4+ 26. gxh4 Qxh4+ 27. Kg1 d2 28. Red1 Nh3+ 29. Kf1 Ng5 30. Qg3 Qh5 31. f3 Nxf3 32. Kf2 Ne5 33. Rxd2 f5 34. exf5 Rf8 35. Rf1 Bxf5 36. Kg1 Be4 37. Rxf8+ Kxf8 38. Nxe4 Nf3+ 39. Qxf3+ Qxf3 40. Rf2 Qxf2+ 41. Kxf2 Ke7 1-0


[Site "https://www.chess.com"]

[Event "Titled Tuesday Blitz March 28 Late 2023"]
[White "Lamard, Guillaume"]
[Black "Cori T., Deysi"]
[WhiteFideId "600261"]
[BlackFideId "3801934"]
[WhiteElo "2413"]
[BlackElo "2292"]
[Result "1-0"]
[Round "07"]
[TimeControl "180+2"]
[Date "2023.03.28"]
[WhiteClock "0:00:08"]
[BlackClock "0:00:09"]

1. d4 e6 2. Nf3 Nf6 3. Bf4 c5 4. e3 Nc6 5. Nc3 a6 6. d5 Nb4 7. e4 exd5 8. exd5 Qa5 9. Qe2+ Be7 10. d6 Nfd5 11. Nxd5 Nxd5+ 12. Bd2 Qb6 13. dxe7 Qxb2 14. Rc1 d6 15. Ng5 Bf5 16. g4 Bd7 17. Bg2 Nf6 18. O-O Bxg4 19. Qe3 Bd7 20. Bc3 Qb6 21. Bxf6 gxf6 22. Ne4 d5 23. Nxc5 Rg8 24. Nxd7 Qxe3 25. fxe3 Kxd7 26. Rxf6 Kxe7 27. Rcf1 Rg7 28. Rb6 Rc8 29. Rxb7+ Ke6 30. Rf2 Ke5 31. Rd7 Rc5 32. Rd2 Ke6 33. Ra7 a5 34. Kf2 h5 35. Ra6+ Ke5 36. Bf3 h4 37. Rh6 f5 38. Rxh4 Rgc7 39. Rhd4 Rxc2 40. Rxd5+ Ke6 41. Rd4 a4 42. h4 a3 43. Bd5+ Ke5 44. Bb3 Rc1 45. Rd5+ Kf6 46. Rd6+ Ke7 47. Re6+ Kf8 48. Rd8+ Kg7 49. Red6 Re7 50. R8d7 Rxd7 51. Rxd7+ Kf6 52. h5 Kg5 53. Rf7 Kxh5 54. Rxf5+ Kg4 55. Ra5 Rc7 56. Ra4+ Kg5 57. Rxa3 Re7 58. Ra5+ Kf6 59. Rd5 Rc7 60. Rd4 Rb7 61. Kf3 Ke5 62. Rf4 Ra7 63. a4 Rc7 64. a5 Rc3 65. Bf7 Ra3 66. Rh4 Ra1 67. Rh5+ Kf6 68. Bc4 Ra4 69. Rc5 Ke7 70. a6 Kd6 71. Rd5+ Kc6 72. Rd4 Ra3 73. Rf4 Kc5 74. Rd4 Ra4 75. Bd3 Ra1 76. Ke4 Rh1 77. Kf3 Ra1 78. Rd7 Kc6 79. Rg7 Ra3 80. Be4+ Kd6 81. a7 Ke5 82. a8=Q Rxa8 83. Bxa8 1-0


[Site "https://www.chess.com"]

[Event "Titled Tuesday Blitz March 28 Late 2023"]
[White "Papasimakopoulos, Alexandros"]
[Black "Freitag, Manfred"]
[WhiteFideId "4244125"]
[BlackFideId "1602004"]
[WhiteElo "2359"]
[BlackElo "2275"]
[Result "1-0"]
[Round "07"]
[TimeControl "180+2"]
[Date "2023.03.28"]
[WhiteClock "0:01:33"]
[BlackClock "0:01:28"]

1. d4 Nf6 2. c4 g6 3. Nc3 Bg7 4. e4 d6 5. f3 O-O 6. Nge2 a6 7. Be3 Nbd7 8. Ng3 c5 9. Be2 b5 10. O-O h5 11. Qd2 h4 12. Nh1 b4 13. Nd5 Nxd5 14. cxd5 cxd4 15. Bxd4 Bxd4+ 16. Qxd4 Qb6 17. Qxb6 Nxb6 18. Rfc1 Na4 19. Rab1 Nc5 20. Nf2 a5 21. Nd3 Ba6 22. Nxc5 Bxe2 23. Kf2 Bb5 24. Nb3 a4 25. Nd4 Rfb8 26. Nxb5 Rxb5 27. Rc7 Kf8 28. Rbc1 f5 29. Ke3 Kf7 30. Rd7 Kf6 31. Kd4 a3 32. b3 g5 33. Rc6 g4 34. fxg4 fxe4 35. g5+ Kxg5 36. Rxe7 Rf8 37. Rxd6 Rf2 38. Re5+ Kg4 39. Rg6+ Kf4 40. Rf6+ 1-0


[Site "https://www.chess.com"]

[Event "Titled Tuesday Blitz March 28 Late 2023"]
[White "Sanchez Alvares, Kelvin Antonio"]
[Black "Lewtak, Damian"]
[WhiteFideId "3906680"]
[BlackFideId "1141724"]
[WhiteElo "2217"]
[BlackElo "2302"]
[Result "0-1"]
[Round "07"]
[TimeControl "180+2"]
[Date "2023.03.28"]
[WhiteClock "0:00:05"]
[BlackClock "0:00:11"]

1. e4 c6 2. d4 d5 3. e5 Bf5 4. Nc3 e6 5. g4 Bg6 6. Nge2 h5 7. Nf4 Ne7 8. Nxg6 Nxg6 9. gxh5 Nh4 10. Be3 Nf5 11. Qg4 c5 12. O-O-O Nc6 13. Bb5 cxd4 14. Bxd4 Qh4 15. h3 Qxh5 16. Ne2 a6 17. Bxc6+ bxc6 18. b3 Be7 19. Kb1 g5 20. Bb2 Qxg4 21. hxg4 Nh4 22. Ng3 Kd7 23. Nh5 Ng6 24. c4 a5 25. cxd5 cxd5 26. a4 Rab8 27. Ka2 Rb4 28. f3 Rhb8 29. Rd3 Nf4 30. Nxf4 Rxf4 31. Bc3 Bb4 32. Bxb4 Rfxb4 33. Rh7 Ke7 34. Rg7 Rh8 35. Rxg5 Rh2+ 36. Ka3 Rf4 37. Rc3 Kd7 38. Rg8 Re2 39. Rgc8 Rxe5 40. R3c7+ Kd6 41. Rc6+ Ke7 42. R8c7+ Kf6 43. Rc3 d4 44. Rd3 Re3 0-1


[Site "https://www.chess.com"]

[Event "Titled Tuesday Blitz March 28 Late 2023"]
[White "Skvortsov, Andrei"]
[Black "Krishnan, Varun"]
[WhiteFideId "24108600"]
[BlackFideId "5054508"]
[WhiteElo "2259"]
[BlackElo "2528"]
[Result "0-1"]
[Round "07"]
[TimeControl "180+2"]
[Date "2023.03.28"]
[WhiteClock "0:00:13"]
[BlackClock "0:00:38"]

1. e4 e5 2. d4 exd4 3. Qxd4 Nc6 4. Qd3 d6 5. Nc3 Nf6 6. Bg5 Be7 7. O-O-O O-O 8. f3 Be6 9. a3 a6 10. g4 b5 11. Bxf6 Bxf6 12. Nd5 Ne5 13. Nxf6+ Qxf6 14. Qc3 Bc4 15. Bxc4 bxc4 16. h4 Rab8 17. g5 Qf4+ 18. Kb1 Rb5 19. Ka1 Rfb8 20. Rb1 d5 21. exd5 Rxd5 22. Ne2 Qxf3 23. Qxf3 Nxf3 24. Nc3 Rd2 25. Rbc1 Nd4 26. Kb1 Nb5 27. Nxb5 axb5 28. Rcd1 Rd6 29. Rde1 Re6 30. Rd1 Rd6 31. Rde1 Kf8 32. Re5 Re6 33. Rf5 c6 34. Rhf1 Rb7 35. Rc5 g6 36. a4 Ke7 37. Ka2 Kd6 0-1


[Site "https://www.chess.com"]

[Event "Titled Tuesday Blitz March 28 Late 2023"]
[White "Koksal, Ege"]
[Black "Hirneise, Jens"]
[WhiteFideId "6317626"]
[BlackFideId "24614734"]
[WhiteElo "2226"]
[BlackElo "2345"]
[Result "0-1"]
[Round "07"]
[TimeControl "180+2"]
[Date "2023.03.28"]
[WhiteClock "0:00:06"]
[BlackClock "0:00:01"]

1. d4 Nf6 2. c4 e6 3. Nf3 b6 4. g3 Ba6 5. b3 b5 6. c5 d6 7. cxd6 Bxd6 8. Bg2 Bb7 9. O-O O-O 10. Bg5 h6 11. Bxf6 Qxf6 12. Nc3 b4 13. Na4 Nd7 14. Rc1 Nb6 15. Nc5 Bxc5 16. Rxc5 Nd5 17. Qc2 Rfc8 18. Ne5 Qe7 19. Rc1 Qd8 20. Bxd5 Bxd5 21. Rxc7 Bb7 22. Qc5 f6 23. Ng6 Kh7 24. Nf4 Rxc7 25. Qxc7 Rc8 26. Qxb7 Rxc1+ 27. Kg2 Qc7 28. Qe4+ f5 29. Qd3 Qc6+ 30. d5 Qc2 31. dxe6 Qxd3 32. exd3 g5 33. Nd5 Kg7 34. Kf3 Re1 35. e7 Re5 36. Nxb4 Rxe7 37. Nd5 Rd7 38. Nb4 a5 39. Nc6 Rxd3+ 40. Ke2 Rd5 41. f3 Kf7 42. Ke3 Ke6 43. f4 g4 44. Nd4+ Kf6 45. a4 Rc5 46. Kd3 h5 47. Nb5 Ke6 48. Nd4+ Kf6 49. Nb5 Rc1 50. Nd4 Rh1 51. Kc4 Rxh2 52. b4 axb4 53. Kb3 Rg2 54. a5 Rxg3+ 55. Kxb4 h4 56. a6 Rg1 57. Nb3 Re1 58. Nc5 Re8 59. a7 Ra8 60. Nd7+ Ke7 0-1


[Site "https://www.chess.com"]

[Event "Titled Tuesday Blitz March 28 Late 2023"]
[White "Piesik, Piotr"]
[Black "Gatterer, Florian"]
[WhiteFideId "1136194"]
[BlackFideId "811688"]
[WhiteElo "2311"]
[BlackElo "2221"]
[Result "1-0"]
[Round "07"]
[TimeControl "180+2"]
[Date "2023.03.28"]
[WhiteClock "0:01:20"]
[BlackClock "0:00:05"]

1. Nf3 d5 2. g3 Nf6 3. Bg2 c5 4. O-O Nc6 5. d3 e5 6. Nbd2 Be7 7. e4 d4 8. Nc4 Qc7 9. a4 O-O 10. Ne1 Bg4 11. f3 Be6 12. f4 Bxc4 13. dxc4 Rfd8 14. Nd3 Bd6 15. Bd2 a5 16. Qf3 Nb4 17. Bxb4 axb4 18. b3 exf4 19. gxf4 Bf8 20. e5 Nd7 21. Qxb7 Qxb7 22. Bxb7 Ra7 23. Be4 Ra5 24. Rfe1 Be7 25. Kg2 Kf8 26. Bc6 Nb8 27. Bb5 Nd7 28. Kf3 Nb8 29. Re2 g6 30. h4 h5 31. f5 Bxh4 32. Rg1 g5 33. f6 Nd7 34. Ke4 Ra7 35. Kf5 Rc7 36. a5 Ra7 37. a6 Nb8 38. Nxc5 Rc8 39. Nd3 Nxa6 40. Ra1 Rca8 41. Bc6 Rc8 42. Bd5 Rcc7 43. e6 fxe6+ 44. Rxe6 Nb8 45. Rxa7 Rxa7 46. Ne5 Nd7 47. Ng6+ Kg8 48. Re8+ 1-0


[Site "https://www.chess.com"]

[Event "Titled Tuesday Blitz March 28 Late 2023"]
[White "Pires, Marcos Vinicius Torsani"]
[Black "Sieciechowicz, Marcin"]
[WhiteFideId "2118939"]
[BlackFideId "1130170"]
[WhiteElo "2273"]
[BlackElo "2302"]
[Result "0-1"]
[Round "07"]
[TimeControl "180+2"]
[Date "2023.03.28"]
[WhiteClock "0:00:12"]
[BlackClock "0:00:36"]

1. d4 Nf6 2. Bf4 d5 3. e3 e6 4. Nf3 Bd6 5. Bg3 c5 6. c3 Qc7 7. Nbd2 Nbd7 8. Bd3 O-O 9. Bxd6 Qxd6 10. O-O e5 11. dxe5 Nxe5 12. Nxe5 Qxe5 13. Nf3 Qe7 14. Qa4 b6 15. Rfe1 Bb7 16. Ba6 Rfd8 17. Bxb7 Qxb7 18. Rad1 b5 19. Qa5 Rab8 20. a3 h6 21. b4 Qb6 22. Qxb6 Rxb6 23. Ne5 c4 24. Nf3 Ne4 25. Rc1 Ra6 26. Nd4 Rb8 27. f3 Nd2 28. Red1 Nb3 29. Nxb3 cxb3 30. Rxd5 Rxa3 31. Rb1 Rc8 32. Rc5 Rxc5 33. bxc5 Kf8 34. Kf2 Ke7 35. Ke2 a5 36. Kd3 a4 37. Kd4 Kd7 38. Kd5 Ra2 39. c6+ Kc7 40. Kc5 b2 41. Rd1 Ra3 42. Rd7+ Kc8 0-1


[Site "https://www.chess.com"]

[Event "Titled Tuesday Blitz March 28 Late 2023"]
[White "Villiers, Thomas"]
[Black "Melikyan, Gnel"]
[WhiteFideId "427209"]
[BlackFideId "54109990"]
[WhiteElo "2164"]
[BlackElo "2138"]
[Result "1-0"]
[Round "07"]
[TimeControl "180+2"]
[Date "2023.03.28"]
[WhiteClock "0:01:19"]
[BlackClock "0:00:51"]

1. e4 Nh6 2. d3 Nc6 3. Nc3 d6 4. f4 g6 5. Be2 Bg7 6. Nf3 O-O 7. O-O f5 8. Kh1 fxe4 9. dxe4 Bd7 10. Bc4+ Kh8 11. Ng5 e5 12. f5 gxf5 13. Qh5 f4 14. Ne6 Bxe6 15. Bxe6 Nd4 16. Bh3 Nxc2 17. Rb1 Qf6 18. Nd5 Qg6 19. Qxg6 hxg6 20. Nxc7 Rab8 21. Bd2 g5 22. Ne6 g4 23. Nxf8 Rxf8 24. g3 gxh3 25. gxf4 Ng4 26. fxe5 Nf2+ 27. Kg1 Bxe5 28. Rxf2 Bd4 29. Bc3 Rg8+ 30. Kh1 Bxc3 31. bxc3 Ne3 32. Rxb7 Rg4 33. Rf3 Nd1 34. Rxh3+ Kg8 35. Rg3 Nf2+ 36. Kg2 Rxg3+ 37. hxg3 Nxe4 38. Rxa7 Nxc3 39. a4 d5 40. a5 d4 41. Rd7 Nb5 42. a6 d3 43. a7 1-0


[Site "https://www.chess.com"]

[Event "Titled Tuesday Blitz March 28 Late 2023"]
[White "Fan_Of_Chucky"]
[Black "Rytenko, Vsevolod"]
[BlackFideId "14133040"]
[WhiteElo "2390"]
[BlackElo "2262"]
[Result "1-0"]
[Round "07"]
[TimeControl "180+2"]
[Date "2023.03.28"]
[WhiteClock "0:00:05"]
[BlackClock "0:00:30"]

1. d4 d5 2. c4 c6 3. cxd5 cxd5 4. Nc3 Nf6 5. Bg5 Ne4 6. Nxe4 dxe4 7. Bd2 Nc6 8. e3 e5 9. dxe5 Nxe5 10. Qa4+ Bd7 11. Qxe4 Qe7 12. Bc3 f6 13. a4 Bc6 14. Bb5 Rc8 15. Bxc6+ Nxc6 16. Qxe7+ Bxe7 17. Nf3 O-O 18. Ke2 Rfd8 19. Rhd1 Kf7 20. Rxd8 Rxd8 21. Rd1 Rxd1 22. Kxd1 g5 23. Nd4 Ne5 24. Ke2 a6 25. Nf5 Bc5 26. Bxe5 fxe5 27. Ng3 Ke6 28. Ne4 Be7 29. Kd3 b5 30. axb5 axb5 31. Nc3 b4 32. Nb1 Kd5 33. f3 Bd8 34. b3 Be7 35. Nd2 Bd8 36. Ne4 Be7 37. Nf2 h5 38. Nd1 Bd8 39. Nb2 Bb6 40. e4+ Ke6 41. Kc4 Bd4 42. Nd3 g4 43. fxg4 hxg4 44. h3 gxh3 45. gxh3 Kf6 46. Kxb4 Kg5 47. Kc4 Kh4 48. Kd5 Kxh3 49. Nxe5 Bf2 50. b4 Kh4 51. b5 Kg5 52. Nd7 Kg6 53. b6 Kf7 54. b7 Ba7 55. b8=Q Bxb8 56. Nxb8 1-0


[Site "https://www.chess.com"]

[Event "Titled Tuesday Blitz March 28 Late 2023"]
[White "Itkis, Boris"]
[Black "Dobre, Claudiu-Cristian"]
[WhiteFideId "1209167"]
[BlackFideId "1211854"]
[WhiteElo "2216"]
[BlackElo "2207"]
[Result "0-1"]
[Round "07"]
[TimeControl "180+2"]
[Date "2023.03.28"]
[WhiteClock "0:00:05"]
[BlackClock "0:00:44"]

1. c4 f5 2. b4 e5 3. Bb2 Bxb4 4. Bxe5 Nf6 5. Nf3 Nc6 6. a3 Nxe5 7. Nxe5 Be7 8. d4 c5 9. d5 Qa5+ 10. Qd2 Qc7 11. Nd3 Ne4 12. Qc2 Qa5+ 13. Kd1 Bf6 14. Ra2 d6 15. f3 Bd7 16. fxe4 Ba4 17. exf5 O-O 18. e4 Rfe8 19. Nd2 Bg5 20. Nb3 Bxb3 21. Qxb3 Rxe4 22. Be2 b5 23. Qxb5 Qc3 24. Qb2 Qxc4 25. Qc2 Qd4 26. Qb2 Qe3 27. Re1 c4 28. Nc1 Rd4+ 29. Kc2 Rd2+ 30. Kb1 Rxb2+ 31. Rxb2 Bf6 32. Rc2 Qd4 0-1


[Site "https://www.chess.com"]

[Event "Titled Tuesday Blitz March 28 Late 2023"]
[White "Demchenko, Anton"]
[Black "krucki03"]
[WhiteFideId "4160258"]
[WhiteElo "2545"]
[BlackElo "2375"]
[Result "1-0"]
[Round "07"]
[TimeControl "180+2"]
[Date "2023.03.28"]
[WhiteClock "0:02:58"]
[BlackClock "0:02:33"]

1. e4 c5 2. Nf3 d6 3. d4 cxd4 4. Nxd4 Nf6 5. Nc3 g6 6. f3 Bg7 7. Be3 O-O 8. Qd2 Nc6 9. O-O-O d5 10. Nxc6 bxc6 11. Bc4 e5 12. exd5 Nxd5 13. Nxd5 cxd5 14. Qxd5 Qc7 15. Qc5 Qxc5 16. Bxc5 h5 17. Bxf8 1-0


[Site "https://www.chess.com"]